 Dungeon Crawl Stone Soup version 0.31-a0-774-g0d66cbabe8 (webtiles) character file.

Game seed: 5466509106896543928

46 Descartes the Changeling (level 3, -1/15 HPs)
             Began as a Felid Shapeshifter on Sept 17, 2023.
             Slain by a gnoll
             ... wielding a +0 spear
              (4 damage)
             ... on level 2 of the Dungeon.
             The game lasted 00:01:02 (810 turns).

Descartes the Changeling (Felid Shapeshifter)        Turns: 810, Time: 00:01:03

Health: -1/15      AC:  1    Str: 12    XL:     3   Next: 46%
Magic:  4/4        EV: 18    Int: 11    God:
Gold:   14         SH:  0    Dex: 15    Spells: 2/2 levels left
                                        Lives:  0   Deaths: 1

rFire   . .          .
                       - Unarmed
rCold   . . .        (shield unavailable)
rNeg    . . .        (body armour unavailable)
rPois   .            (helmet unavailable)
rElec   .            (cloak unavailable)
rCorr   .            (gloves unavailable)
SInv    +            (boots unavailable)
Will    .....        (no amulet)
Stlth   +            (no ring)
HPRegen 0.22/turn    (no ring)
MPRegen 0.09/turn

%: no passive effects
@: beast-form, quick
A: beast (slay +2), very small, claws 1, fangs 3, see invisible, speed 1, shaggy
fur 1, stealthy paws, no weapons or thrown items, no armour, multi-lived
a: Begin Untransformation


You were on level 2 of the Dungeon.
You were a hulking beast.
You visited 1 branch of the dungeon, and saw 2 of its levels.

You collected 14 gold pieces.

Inventory:

Talismans
 b - a beast talisman (active)
 c - a flux talisman
Scrolls
 d - a scroll of identify {unknown}
 e - 3 scrolls of enchant weapon {unknown}
 g - a scroll of blinking {unknown}
Potions
 a - a potion of lignification
 f - a potion of heal wounds {unknown}
 h - a potion of mutation {unknown}
 i - a potion of magic {unknown}


   Skills:
 - Level 1.0 Fighting
 + Level 3.7 Dodging
 + Level 3.5 Unarmed Combat
 + Level 3.8 Shapeshifting


You had 2 spell levels left.
You didn't know any spells.
Your spell library was empty.

Dungeon Overview and Level Annotations

Branches:
Dungeon (2/15)

Altars:


Innate Abilities, Weirdness & Mutations

You are a hulking beast.
Your limbs bulge with bestial killing power. (Slay +2)
You have sharp claws.
You have razor-sharp teeth.
You have supernaturally acute eyesight. (SInv)
You cover ground quickly. (Speed+)
You are covered in fur. (AC +1)
Your paws help you pounce on unaware monsters.
You are incapable of wielding weapons or throwing items.
You cannot wear armour.
You gain extra lives every three experience levels.


Message History

No target in view!
No target in view!
No target in view!
No target in view!
No target in view!
No target in view!
No target in view!
No target in view!
No target in view!
Done exploring.
You see here 4 stones.
There is a stone staircase leading down here.
You see here the felid corpse of Descartes.
You climb downwards.
There is a stone staircase leading up, spattered with blood here.
The gnoll closely misses you.
You scratch the gnoll but do no damage. You bite the gnoll.
The gnoll is moderately wounded.
The gnoll hits you with a +0 spear.
You scratch the gnoll.
The gnoll is severely wounded.
The gnoll hits you with a +0 spear!
Ouch! That really hurt!
* * * LOW HITPOINT WARNING * * *
You are too injured to fight recklessly!
You are too injured to fight recklessly!
You are too injured to fight recklessly!
You are too injured to fight recklessly!
You are too injured to fight recklessly!
You are too injured to fight recklessly!
You are too injured to fight recklessly!
You are too injured to fight recklessly!
You are too injured to fight recklessly!
You are too injured to fight recklessly!
You are too injured to fight recklessly!
You are too injured to fight recklessly!
You are too injured to fight recklessly!
The gnoll attacks as it pursues you!
The gnoll hits you from afar with a +0 spear.
You die...

###.###.##......
###.###.##...##.
#............#
#.......##.....
#.......... ####
#.###.####.
#g........
#######.###.####
.......h.......
#######.###.###
... ##... #.#.#
#.#.# #.#.# #.#
#


You could see a gnoll.

Vanquished Creatures
  3 gnolls
  An endoplasm (D:1)
  A goblin (D:1)
  2 hobgoblins (D:1)
  A kobold (D:1)
  A quokka (D:1)
  A bat (D:1)
  10 frilled lizards (D:1)
  A rat (D:1)
21 creatures vanquished.

Notes
Turn   | Place    | Note
-------+----------+-------------------------------------------
     0 | D:1      | Descartes the Felid Shapeshifter began the quest for the
                  | Orb.
     0 | D:1      | Reached XP level 1. HP: 9/9 MP: 2/2
   431 | D:1      | Reached XP level 2. HP: 12/12 MP: 3/3
   712 | D:2      | Reached XP level 3. HP: 14/15 MP: 4/4
   767 | D:1      | Slain by a gnoll
   810 | D:2      | Slain by a gnoll

Illustrated notes

Levels and vault maps discovered:
D:1:      dpeg_arrival_simpleton_b, layout_basic, minmay_lizard_king
D:2:      layout_basic, st_stairs_1, cheibrodos_gnoll_hut

Skill      XL: |  1 |
---------------+----+-----
Dodging        | 3 |  3.7
Fighting       | |  1.0
Unarmed Combat | |  3.5
Shapeshifting  | |  3.8

Action                     || total
---------------------------++-------
  Melee: Unarmed           ||    37
         Bite              ||     5
         Punch             ||     1
 Armour: Skin              ||    13
  Dodge: Dodged            ||    24

Table legend: (Time is in decaauts)
 A = Elapsed time spent in this place.
 B = Non-inter-level travel time spent in this place.
 C = Inter-level travel time spent in this place.
 D = Time resting spent in this place.
 E = Time spent auto-exploring this place.
 F = Levels seen in this place.
 G = Mean time per level.
                   A        B        C        D        E       F      G
               +--------+--------+--------+--------+--------+-----+--------+
         Total |    671 |    625 |     46 |      0 |    509 |   2 |  335.5 |
       Dungeon |    671 |    625 |     46 |      0 |    509 |   2 |  335.5 |
               +--------+--------+--------+--------+--------+-----+--------+

Top non-repeatable levels by time:
     D:1: 637 daAuts
     D:2: 34 daAuts
